 Dungeon Crawl Stone Soup version 0.18-a0-1196-g09327cf (webtiles) character file.

138 Oddball22 the Sneak (level 5, 0/25 HPs)
             Began as a Vine Stalker Artificer on Jan 30, 2016.
             Was an Initiate of Pakellas.
             Slain by a worker ant (1 damage)
             ... on level 4 of the Dungeon.
             The game lasted 00:05:10 (2899 turns).

Oddball22 the Sneak (Vine Stalker Artificer)        Turns: 2899, Time: 00:05:10

Health: 0/25       AC:  4    Str: 13    XL:     5   Next: 21%
Magic:  0/8        EV: 12    Int: 12    God:    Pakellas [......]
Gold:   155        SH:  0    Dex: 16    Spells: 0 memorised, 4 levels left

rFire  . . .     SeeInvis .     a - +0 short sword
rCold  . . .     Gourm    .     b - +0 leather armour
rNeg   . . .     Faith    .     (no shield)
rPois  .         Spirit   +     (no helmet)
rElec  .         Dismiss  .     (no cloak)
rCorr  .         Reflect  .     (no gloves)
SustAt .         Harm     .     q - +0 pair of boots
MR     .....                    (no amulet)
Stlth  ++........               (no ring)
                                k - ring of flight (curse)

@: lethally poisoned (0 -> -1), not resistant to hostile enchantments,
unstealthy
A: fangs 2, regeneration 1, magic shield, antimagic bite, no device heal 3, rot
immunity
a: Renounce Religion, Evoke Flight


You were on level 4 of the Dungeon.
You worshipped Pakellas.
Pakellas was noncommittal.
You were very hungry.

You visited 2 branches of the dungeon, and saw 5 of its levels.

You collected 155 gold pieces.

Inventory:

Hand Weapons
 a - a +0 short sword (weapon)
Armour
 b - a +0 leather armour (worn)
 q - a +0 pair of boots (worn)
Jewellery
 k - a cursed ring of flight (left hand)
Wands
 c - a wand of flame (12/48)
 d - a wand of enslavement (15/24)
 e - a wand of random effects (14/48)
Scrolls
 g - a scroll of enchant weapon {unknown}
 i - 5 scrolls of identify {unknown}
 n - a scroll of remove curse {unknown}
 p - a scroll of fog {unknown}
 s - a scroll of fear {unknown}
 v - 3 scrolls of teleportation {unknown}
 y - a scroll of noise {unknown}
 B - a scroll of recharging {unknown}
Potions
 h - a potion of might {unknown}
 l - 2 potions of brilliance {unknown}
 m - a potion of mutation {unknown}
 o - 4 potions of curing {unknown}
 r - 2 potions of poison {unknown}
 t - a potion of heal wounds {unknown}
 u - a potion of cure mutation {unknown}
 w - a potion of ambrosia {unknown}
 x - a potion of lignification {unknown}
 z - a potion of haste {unknown}
Comestibles
 f - 5 bread rations
 j - 3 meat rations
 A - 2 beef jerkies


   Skills:
 + Level 1.6 Fighting
 * Level 3.0 Short Blades
 + Level 2.2 Dodging
 + Level 3.3 Stealth
 + Level 2.6 Evocations


You had 4 spell levels left.
You didn't know any spells.

Dungeon Overview and Level Annotations

Branches:
Dungeon (4/15)             Temple (1/1) D:4

Altars:
Ashenzari
Cheibriados
Dithmenos
Elyvilon
Fedhas
Gozag
Kikubaaqudgha
Makhleb
Nemelex Xobeh
Okawaru
Pakellas
Qazlal
Ru
Sif Muna
Trog
Vehumet
Yredelemnul
Zin
The Shining One


Innate Abilities, Weirdness & Mutations

You have extremely sharp teeth.
Your natural rate of healing is unusually fast.
When hurt, damage is shared between your health and your magic reserves.
Your bite disrupts and absorbs the magic of your enemies.
Potions and wands cannot restore your health.
You are immune to rotting.


Message History

The puff of flame hits the worker ant.
The worker ant is severely wounded.
This wand has 14 charges left.
The worker ant bites you.
* * * LOW HITPOINT WARNING * * *
Evoke which item? (* to show all) (? for menu, Esc to quit)
Zapping:
c - a wand of flame (14/48)
Press: ? - help, Shift-Dir - straight line, f/p - worker ant
Aim: a worker ant (severely wounded)
The puff of flame hits the worker ant.
The worker ant is almost dead.
This wand has 13 charges left.
The worker ant closely misses you.
Evoke which item? (* to show all) (? for menu, Esc to quit)
Zapping:
c - a wand of flame (13/48)
Press: ? - help, Shift-Dir - straight line, f/p - worker ant
Aim: a worker ant (almost dead)
The puff of flame misses the worker ant.
This wand has 12 charges left.
* * * LOW HITPOINT WARNING * * *
You feel sick. The worker ant bites you.
You die...

#.#.....# ########
#.####### ##...... #.#
..... ####### #.#
########..# #...... #.#
....>.....# .#......
#.#########...###..#......
#...#.....#.......########
###.#.#.a.#.#.....#
#.#....@#.#.#####
#.#.......#.#
####'#########.#
#..............#
#.......######## #.......#
#.......# #.......#
#.......#


You could see a worker ant.

Vanquished Creatures
  A scorpion (D:4)
  Terence (D:3)
  An adder (D:2)
  An adder skeleton (D:4)
  3 worms
  An orc (D:3)
  2 giant cockroaches (D:1)
  6 goblins
  3 hobgoblins
  5 jackals (D:1)
  8 bats
  4 giant newts
  5 kobolds
  7 rats
48 creatures vanquished.

Notes
Turn   | Place    | Note
--------------------------------------------------------------
     0 | D:1      | Oddball22 the Vine Stalker Artificer began the quest for the Orb.
     0 | D:1      | Reached XP level 1. HP: 9/9 MP: 3/3
    20 | D:1      | Reached skill level 1 in Short Blades
   181 | D:1      | Reached XP level 2. HP: 9/14 MP: 5/5
   286 | D:1      | Reached skill level 1 in Fighting
   903 | D:2      | Reached XP level 3. HP: 16/18 MP: 6/6
  1116 | D:2      | Found a sacrificial altar of Ru.
  1352 | D:2      | Found a snail-covered altar of Cheibriados.
  1865 | D:3      | Noticed Terence
  2032 | D:3      | Killed Terence
  2032 | D:3      | Reached XP level 4. HP: 6/22 MP: 3/7
  2422 | D:4      | Reached skill level 3 in Stealth
  2497 | D:4      | Found a staircase to the Ecumenical Temple.
  2505 | D:4      | Reached XP level 5. HP: 23/25 MP: 8/8
  2529 | Temple   | Entered the Ecumenical Temple
  2688 | Temple   | Became a worshipper of Pakellas the Inventive
  2822 | D:4      | Found a sparkling altar of Nemelex Xobeh.
  2897 | D:4      | HP: 1/25 [worker ant (3)]
  2899 | D:4      | Slain by a worker ant

Vault maps used:
D:1:      matt_arrival_spirals, minmay_cupped
D:2:      nicolae_ru_path_of_blood, lemuel_crystal_altar
D:3:      uniq_terence
D:4:      kennysheep_mini_moat, nemelex_diamond_rough_becter
Temple:   minmay_crystal_snake_temple_18

Action                   |  1- 3 |  4- 6 || total
-------------------------+-------+-------++-------
Melee: Short sword       |   137 |    57 ||   194
Evoke: Wand              |       |     4 ||     4
 Stab: Sleeping          |     5 |     2 ||     7
  Eat: Chunk             |     4 |     1 ||     5
